 Dungeon Crawl Stone Soup version 0.29.0-4-gdea44cf6ec (webtiles) character file.

Game seed: 11845463840006576898

149 qw the Ruffian (level 5, -12/42 HPs)
             Began as a Ghoul Fire Elementalist on Aug 29, 2022.
             Killed by divine providence
             ... invoked by an orc priest
              (13 damage)
             ... on level 3 of the Dungeon.
             The game lasted 00:02:51 (3465 turns).

qw the Ruffian (Ghoul Fire Elementalist)            Turns: 3465, Time: 00:02:51

Health: -12/42     AC:  4    Str: 14    XL:     5   Next: 31%
Magic:  6/6        EV: 11    Int: 10    God:
Gold:   189        SH:  0    Dex:  9    Spells: 6/7 levels left

rFire   . . .      SeeInvis +     - Unarmed
rCold   + + .      Faith    .   (no shield)
rNeg    + + +      Spirit   .   i - +0 leather armour {rC+}
rPois   inf        Reflect  .   (no helmet)
rElec   .          Harm     .   b - +0 cloak
rCorr   .          Rampage  .   (no gloves)
Will    .....                   (no boots)
Stlth   +.........              (no amulet)
HPRegen 0.00/turn               g - ring of see invisible
MPRegen 0.10/turn               (no ring)

@: inhibited regen
A: claws 1, cold resistance 1, negative energy resistance 3, inhibited
regeneration, torment resistance 2, devour on kill
a: no special abilities


You were on level 3 of the Dungeon.
You visited 1 branch of the dungeon, and saw 3 of its levels.

You collected 189 gold pieces.


Innate Abilities, Weirdness & Mutations

You are immune to poison.
You have sharp fingernails.
Your flesh is cold resistant. (rC+)
You are immune to negative energy. (rN+++)
You do not regenerate when monsters are visible.
You are immune to unholy pain and torment.
You thrive by killing the living.


   Skills:
 - Level 2.6 Fighting
 - Level 1.7 Dodging
 - Level 2.1 Stealth
 + Level 4.4 Unarmed Combat
 - Level 1.7 Spellcasting
 - Level 0.7 Conjurations
 - Level 2.4 Fire Magic


You had 6 spell levels left.
You knew the following spells:

 Your Spells              Type           Power      Damage    Failure   Level
a - Foxfire               Conj/Fire      16%        2x1d4     22%         1

Your spell library contained the following spells:

 Spells                   Type           Power      Damage    Failure   Level
 Scorch                   Fire           10%        2d5       22%         2
 Conjure Flame            Conj/Fire      4%         6-21      54%         3
 Inner Flame              Hex/Fire       3%         N/A       58%         3
 Flame Wave               Conj/Fire      4%         2d5       91%         4

Inventory:

Missiles
 k - 2 boomerangs (quivered)
Armour
 b - a +0 cloak (worn)
 e - a +0 chain mail
 i - a +0 leather armour of cold resistance (worn)
Jewellery
 g - a ring of see invisible (left claw)
Scrolls
 d - 3 scrolls of identify
 l - a scroll of blinking {unknown}
 p - a scroll of immolation {unknown}
Potions
 a - a potion of lignification {unknown}
 c - a potion of curing {unknown}
 f - a potion of flight {unknown}
 h - a potion of mutation {unknown}
 j - a potion of ambrosia {unknown}
 m - a potion of attraction {unknown}
 n - 2 potions of invisibility {unknown}
 o - 2 potions of heal wounds {unknown}

Dungeon Overview and Level Annotations

Branches:
Dungeon (3/15)

Altars:
Cheibriados
Sif Muna

Shops:
D:1 *


Message History

The ball python constricts you. The orc priest barely misses you.
You closely miss the ball python.
The ball python bites you but does no damage.
The ball python constricts you.
An orc comes into view. It is wielding a +0 club.
The orc priest hits you but does no damage.
The orc shouts!
You scratch the ball python.
The ball python is moderately wounded.
The ball python bites you but does no damage.
The ball python constricts you.
The orc priest hits you with a +0 dagger.
The orc warrior hits you with a +0 short sword.
You scratch the ball python.
You kill the ball python!
You scratch the orc warrior but do no damage.
The orc warrior hits you with a +0 short sword!
The orc priest hits you with a +0 dagger.
You closely miss the orc warrior. You claw the orc warrior.
The orc warrior is lightly wounded.
The orc warrior hits you with a +0 short sword.
The orc priest hits you with a +0 dagger.
You scratch the orc warrior but do no damage.
The orc warrior is lightly wounded.
The orc warrior closely misses you.
The orc priest hits you but does no damage.
3462 ||| Stepping ~*~*~tactically~*~*~ (outnumbered).
The orc attacks as you move away! The orc hits you but does no damage.
You barely miss the orc warrior.
The orc warrior is lightly wounded.
The orc warrior hits you with a +0 short sword!
The orc priest hits you with a +0 dagger.
3464 ||| Stepping ~*~*~tactically~*~*~ (outnumbered).
The orc priest hits you with a +0 dagger.
You scratch the orc warrior but do no damage.
The orc warrior is lightly wounded.
The orc warrior misses you.
The orc priest invokes the aid of Beogh against you.
Beogh smites you!
You die...

#..#....##.##)#.....
#..#.._.#...8)#..}.#
##.#....#.....#...##
##.#....#........##
#..#.._.#...8.#.##
#..#....##.##.#.#
#..#.}.}####....+
#..####'###.....#
#..@oo........#.#
#...oo....####...
+.........+ ...
#.........#
##..........
##.....#.###
##...##.# ##+## .#


You could see an orc warrior, an orc priest and 2 orcs.

Vanquished Creatures
  A hound (D:3)
  4 adders
  A worm (D:2)
  A dart slug (D:1)
  6 orcs
  10 ball pythons
  6 bats
  7 endoplasms
  6 giant cockroaches
  A goblin (D:2)
  4 hobgoblins
  3 jackals (D:1)
  5 kobolds
  5 quokkas
  5 frilled lizards
  4 rats
69 creatures vanquished.

Notes
Turn   | Place    | Note
-------+----------+-------------------------------------------
     0 | D:1      | qw the Ghoul Fire Elementalist began the quest for the Orb.
     0 | D:1      | Reached XP level 1. HP: 14/14 MP: 2/2
     0 | D:1      | 0 ||| qw: Version: 0.1-a-90-g952f4b7
     0 | D:1      | 0 ||| qw: Game counter: 3683
     0 | D:1      | 0 ||| qw: Always use a shield: true
     0 | D:1      | 0 ||| qw: God list: Okawaru
     0 | D:1      | 0 ||| qw: Allow faded altars: false
     0 | D:1      | 0 ||| qw: Do Orc after D:15 true
     0 | D:1      | 0 ||| qw: Do second Lair branch before Depths: true
     0 | D:1      | 0 ||| qw: Lair rune preference: random
     0 | D:1      | 0 ||| qw: Plans: Normal
     0 | D:1      | 0 ||| PLANNING D:1-11
    92 | D:1      | Found Gehaum's General Store.
   189 | D:1      | 189 ||| SHOPLISTING +2 robe of willpower (212 gold, have
                  | 16).
   189 | D:1      | 189 ||| SHOPLISTING +4 ring mail of willpower (372 gold,
                  | have 16).
   189 | D:1      | 189 ||| SHOPLISTING 2 potions of haste (240 gold, have 16).
   189 | D:1      | 189 ||| SHOPLISTING scroll of enchant weapon (90 gold, have
                  | 16).
   189 | D:1      | 189 ||| SHOPLISTING scroll of teleportation (36 gold, have
                  | 16).
   355 | D:1      | 355 ||| Stepping ~*~*~tactically~*~*~ (stealth).
   363 | D:1      | Reached skill level 1 in Unarmed Combat
   376 | D:1      | Reached skill level 1 in Fighting
   376 | D:1      | Reached XP level 2. HP: 19/23 MP: 3/3
   625 | D:1      | 625 ||| Stepping ~*~*~tactically~*~*~ (hiding).
   752 | D:1      | 752 ||| Stepping ~*~*~tactically~*~*~ (stealth).
   761 | D:1      | 761 ||| Stepping ~*~*~tactically~*~*~ (stealth).
   806 | D:1      | Reached skill level 2 in Unarmed Combat
   807 | D:1      | 807 ||| Stepping ~*~*~tactically~*~*~ (stealth).
   813 | D:1      | 813 ||| Stepping ~*~*~tactically~*~*~ (stealth).
   815 | D:1      | 815 ||| Stepping ~*~*~tactically~*~*~ (stealth).
   817 | D:1      | 817 ||| Stepping ~*~*~tactically~*~*~ (hiding).
   818 | D:1      | 818 ||| Stepping ~*~*~tactically~*~*~ (stealth).
   831 | D:1      | 831 ||| Stepping ~*~*~tactically~*~*~ (stealth).
   832 | D:1      | 832 ||| Stepping ~*~*~tactically~*~*~ (stealth).
   833 | D:1      | 833 ||| Stepping ~*~*~tactically~*~*~ (stealth).
   834 | D:1      | 834 ||| Stepping ~*~*~tactically~*~*~ (stealth).
   841 | D:1      | 841 ||| Stepping ~*~*~tactically~*~*~ (stealth).
   884 | D:1      | Reached XP level 3. HP: 23/28 MP: 4/4
   970 | D:1      | 970 ||| Stepping ~*~*~tactically~*~*~ (stealth).
   971 | D:1      | 971 ||| Stepping ~*~*~tactically~*~*~ (stealth).
  1102 | D:1      | Found a faded altar of an unknown god.
  1371 | D:1      | 1371 ||| UPGRADING to +0 leather armour.
  1381 | D:1      | 1381 ||| DROPPING +0 robe.
  1382 | D:1      | 1382 ||| UPGRADING to ring of see invisible.
  1383 | D:1      | 1383 ||| READING scroll labelled PARITS FADO.
  1384 | D:1      | 1384 ||| READING scroll labelled BISKU ALUAR.
  1385 | D:1      | 1385 ||| DROPPING potion of magic.
  1580 | D:2      | 1580 ||| Stepping ~*~*~tactically~*~*~ (stealth).
  1627 | D:2      | Reached skill level 3 in Unarmed Combat
  1703 | D:2      | 1703 ||| Stepping ~*~*~tactically~*~*~ (stealth).
  1721 | D:2      | HP: 7/28 [orc/+2 whip of freezing (7)]
  1723 | D:2      | Reached XP level 4. HP: 5/35 MP: 5/5
  1725 | D:2      | 1725 ||| Stepping ~*~*~tactically~*~*~ (outnumbered).
  1726 | D:2      | HP: 3/35 [quokka (1)]
  1731 | D:2      | HP: 1/35 [kobold/+0 short sword (1)]
  2135 | D:2      | 2135 ||| Stepping ~*~*~tactically~*~*~ (stealth).
  2136 | D:2      | 2136 ||| Stepping ~*~*~tactically~*~*~ (stealth).
  2147 | D:2      | 2147 ||| Stepping ~*~*~tactically~*~*~ (stealth).
  2149 | D:2      | 2149 ||| STAIRDANCE
  2238 | D:1      | 2238 ||| UPGRADING to +0 cloak.
  2243 | D:1      | 2243 ||| UPGRADING to +0 leather armour of cold resistance.
  2253 | D:1      | 2253 ||| DROPPING +0 leather armour.
  2254 | D:1      | 2254 ||| READING scroll labelled SAMOYB EQOAJAM.
  2255 | D:1      | 2255 ||| READING scroll labelled COPSUSIASS.
  2256 | D:1      | 2256 ||| READING scroll labelled RUTEEGHICEL.
  2257 | D:1      | 2257 ||| READING scroll labelled VALYKU KYJO TUR.
  2269 | D:2      | Reached skill level 4 in Unarmed Combat
  2350 | D:2      | 2350 ||| Stepping ~*~*~tactically~*~*~ (stealth).
  2508 | D:2      | 2508 ||| Stepping ~*~*~tactically~*~*~ (stealth).
  2663 | D:3      | 2663 ||| Stepping ~*~*~tactically~*~*~ (stealth).
  2808 | D:3      | 2808 ||| Stepping ~*~*~tactically~*~*~ (stealth).
  2810 | D:3      | 2810 ||| Stepping ~*~*~tactically~*~*~ (stealth).
  2811 | D:3      | 2811 ||| Stepping ~*~*~tactically~*~*~ (stealth).
  2812 | D:3      | 2812 ||| Stepping ~*~*~tactically~*~*~ (stealth).
  2822 | D:3      | Reached XP level 5. HP: 25/42 MP: 6/6
  2823 | D:3      | 2823 ||| Stepping ~*~*~tactically~*~*~ (stealth).
  2838 | D:3      | 2838 ||| Stepping ~*~*~tactically~*~*~ (stealth).
  3097 | D:3      | 3097 ||| Stepping ~*~*~tactically~*~*~ (stealth).
  3101 | D:3      | 3101 ||| Stepping ~*~*~tactically~*~*~ (stealth).
  3114 | D:3      | Found a shimmering blue altar of Sif Muna.
  3121 | D:3      | Found a snail-covered altar of Cheibriados.
  3451 | D:3      | Noticed an orc warrior
  3462 | D:3      | 3462 ||| Stepping ~*~*~tactically~*~*~ (outnumbered).
  3463 | D:3      | HP: 6/42 [orc warrior/+0 short sword (8)]
  3463 | D:3      | HP: 2/42 [orc priest/+0 dagger (4)]
  3464 | D:3      | 3464 ||| Stepping ~*~*~tactically~*~*~ (outnumbered).
  3465 | D:3      | Killed from afar by an orc priest

Levels and vault maps discovered:
D:1:      kilobyte_arrival_exit_the_forest, layout_rooms, serial_shops,
          nicolae_shop_advertising_works [nicolae_subvault_shop_adworks],
          hellmonk_ecumenical_altar_arch_garden, feat_on_display
D:2:      layout_rooms, grunt_ministairs_11, minmay_box_of_dots
D:3:      layout_loops_corners, jmf_multi_god_temple,
          nicolae_overflow_ecumenical_swirl

Skill      XL: |  1  2  3  4 |
---------------+-------------+-----
Unarmed Combat | 1 2 3 4 |  4.4
Fighting       | 1 2 |  2.6
Dodging        | |  1.7
Stealth        | |  2.1
Spellcasting   | |  1.7
Conjurations   | |  0.7
Fire Magic     | |  2.4

Action                   |  1- 3 |  4- 6 || total
-------------------------+-------+-------++-------
Melee: Unarmed           |   125 |   107 ||   232
       Punch             |     1 |     4 ||     5
Throw: Boomerang         |       |    15 ||    15
  Use: Scroll            |     2 |     4 ||     6
Armor: Robe              |    17 |       ||    17
       Leather armour    |    10 |    23 ||    33
Dodge: Dodged            |    72 |    49 ||   121

Table legend:
 A = Non-vault XP
 B = Vault XP
 C = Vault XP percentage of total XP
 D = Non-vault monster count
 E = Vault monster count
 F = Vault count percentage of total count
                 A         B        C        D         E       F
            +---------+---------+-------+---------+---------+-------
      Total |     202 |      12 |   5.6 |      62 |       7 |  10.1
            +---------+---------+-------+---------+---------+-------
        D:1 |      54 |       0 |   0.0 |      24 |       0 |   0.0
        D:2 |      58 |       8 |  12.1 |      18 |       5 |  21.7
        D:3 |      90 |       4 |   4.3 |      20 |       2 |   9.1
            +---------+---------+-------+---------+---------+-------
